 Dungeon Crawl Stone Soup version 0.31-a0-358-gac0dbeb3ab (webtiles) character file.

Game seed: 502438381154009420

170 hashsling the Slasher (level 5, -1/61 HPs)
             Began as a Human Gladiator on July 25, 2023.
             Was a Follower of Wu Jian.
             Slain by a gnoll
             ... wielding a +0 spear
             ... led by a gnoll bouda
              (4 damage)
             ... on level 4 of the Dungeon.
             The game lasted 00:10:55 (2487 turns).

hashsling the Slasher (Human Gladiator)             Turns: 2487, Time: 00:10:55

Health: -1/61      AC: 22    Str: 11 (14) XL:     5   Next: 80%
Magic:  5/5        EV:  2    Int:  7 (9)  God:    Wu Jian [*.....]
Gold:   208        SH:  0    Dex: 14 (16) Spells: 4/4 levels left

rFire   + . .        a - +0 long sword
rCold   . . .        (no shield)
rNeg    . . .        p - melded +2 leather armour {rC+}
rPois   +            c - melded +0 helmet
rElec   .            (cloak currently unavailable)
rCorr   .            (gloves currently unavailable)
SInv    .            b - melded +0 pair of boots
Will    .....        (no amulet)
Stlth   +            q - ring of protection from fire
HPRegen 0.30/turn    f - ring of poison resistance
MPRegen 0.09/turn

%: no passive effects
@: tree-form, invisible
A: stationary, stasis, torment immunity, boosted hp
a: Renounce Religion


You were on level 4 of the Dungeon.
You worshipped Wu Jian.
Wu Jian was aware of your devotion.
You were a tree.
You visited 1 branch of the dungeon, and saw 4 of its levels.

You collected 208 gold pieces.

Inventory:

Hand Weapons
 a - a +0 long sword (weapon)
Missiles
 d - 3 throwing nets
 e - a javelin
 i - 7 boomerangs (quivered)
Armour
 b - a +0 pair of boots (melded)
 c - a +0 helmet (melded)
 k - the +1 ring mail of Ewicadi {+Inv}
   (You found it on level 2 of the Dungeon)

   +Inv:      It lets you turn invisible.
 p - a +2 leather armour of cold resistance (melded)
 r - the +2 robe of Foibe {rElec rCorr}
   (You found it on level 2 of the Dungeon)

   rElec:     It insulates you from electricity.
   rCorr:     It protects you from acid and corrosion.
Jewellery
 f - a ring of poison resistance (right branch)
 q - a ring of protection from fire (left branch)
Scrolls
 g - a scroll of vulnerability {unknown}
 h - 2 scrolls of immolation {unknown}
 j - 2 scrolls of enchant armour {unknown}
 l - 4 scrolls of teleportation {unknown}
 o - 2 scrolls of identify {unknown}
 t - a scroll of blinking {unknown}
Potions
 s - a potion of lignification


   Skills:
 + Level 3.1 Fighting
 + Level 5.1 Long Blades
 - Level 2.0 Throwing
 + Level 0.9 Armour
 + Level 3.3 Dodging


You had 4 spell levels left.
You didn't know any spells.
Your spell library contained the following spells:

 Spells                   Type           Power      Damage    Failure   Level
 Foxfire                  Conj/Fire      0%         2x1d4     43%         1
 Sting                    Tmut/Pois      0%         1d3       43%         1
 Poisonous Vapours        Pois/Air       0%         N/A       56%         2
 Olgreb's Toxic Radiance  Pois           0%         N/A       99%         4


Dungeon Overview and Level Annotations

Branches:
Dungeon (4/15)
 Temple: D:4-7

Altars:
Dithmenos
Wu Jian

Shops:
D:2 !


Message History

You kill the gnoll!
The Council accepts your kill. The gnoll hits you but does no damage.
You hit the gnoll.
The gnoll is moderately wounded.
The gnoll barely misses you.
You slash the gnoll!
The gnoll is almost dead.
The gnoll hits you but does no damage.
You hit the gnoll.
You kill the gnoll!
The Council accepts your kill. The gnoll hits you but does no damage.
You cannot move.
You cannot move.
You cannot move.
You cannot move.
You cannot move.
You cannot move.
You cannot move.
The gnoll hits you but does no damage.
The gnoll hits you from afar with a +0 spear.
* * * LOW HITPOINT WARNING * * *
The gnoll hits you but does no damage. The gnoll hits you but does no damage.
The gnoll hits you but does no damage. The gnoll hits you but does no damage.
Okay, then.
The gnoll hits you but does no damage.
The gnoll hits you from afar with a +0 spear.
* * * LOW HITPOINT WARNING * * *
The gnoll hits you but does no damage. The gnoll hits you but does no damage.
The gnoll hits you from afar with a +0 spear.
* * * LOW HITPOINT WARNING * * *
The gnoll hits you from afar with a +0 spear.
* * * LOW HITPOINT WARNING * * *
The gnoll barely misses you.
The gnoll hits you from afar with a +0 spear.
You die...

..88~~≈≈~88............
#####~≈≈~#.......##..#
#~≈≈~~#.####.#
#~~≈≈~#.# #.# ##~≈≈~#.#
#.# ######~≈≈~~.# #.#
.....#~~≈≈~.# #g#
####.##~≈≈~.## #)#
##.##~≈≈~..###♣#
###...#~≈≈~......#
......~~≈≈~..##.##
###...~≈≈~~.###.
##....~≈≈~..# #.
.....~~≈≈~### #.
##.#.~≈≈~~# #.
#.#~~≈≈~## #. #.#~≈≈~~#


You could see a gnoll (unable to see you).

Vanquished Creatures
  A gnoll bouda (D:4)
  3 gnolls (D:4)
  4 adders
  2 worms (D:3)
  A dart slug (D:3)
  4 orcs (D:4)
  An endoplasm (D:3)
  4 goblins
  8 hobgoblins
  10 jackals
  6 kobolds
  4 quokkas
  6 ball pythons
  4 bats
  5 frilled lizards
  4 rats
67 creatures vanquished.

Notes
Turn   | Place    | Note
-------+----------+-------------------------------------------
     0 | D:1      | hashsling the Human Gladiator began the quest for the Orb.
     0 | D:1      | Reached XP level 1. HP: 16/16 MP: 1/1
   100 | D:1      | Reached XP level 2. HP: 22/22 MP: 2/2
   389 | D:1      | Reached skill level 4 in Long Blades
   389 | D:1      | Reached XP level 3. HP: 22/27 MP: 3/3
   691 | D:2      | Found a faded altar of an unknown god.
   697 | D:2      | Got Plato's Reference Book on Flames
   720 | D:2      | Identified the +1 ring mail of Ewicadi {+Inv}
  1018 | D:2      | Found an ornate altar of the Wu Jian Council.
  1048 | D:2      | Became a worshipper of the Wu Jian Council
  1085 | D:2      | Found Wegugol's Distillery.
  1146 | D:2      | Identified the +2 robe of Foibe {rElec rCorr}
  1306 | D:2      | Reached XP level 4. HP: 31/33 MP: 4/4
  2066 | D:3      | Reached * piety under Wu Jian
  2090 | D:3      | Reached XP level 5. HP: 40/40 MP: 5/5
  2218 | D:4      | Found a shadowy altar of Dithmenos.
  2435 | D:4      | Reached skill level 5 in Long Blades
  2485 | D:4      | HP: 2/61 [gnoll/+0 spear[a gnoll bouda] (4)]
  2487 | D:4      | Slain by a gnoll

Illustrated notes

Levels and vault maps discovered:
D:1:      sevenhm_arrival_forest_fort_small_4, layout_rooms
D:2:      layout_loops_corners, serial_shops, nicolae_shop_industrial_runoff,
          shapermc_ecumenical_altar_rom_forum, basic_altar
D:3:      layout_loops_cross
D:4:      wander_river, layout_loops_ring, lemuel_round_altar

Skill      XL: |  1  2  3  4  5 |
---------------+----------------+-----
Long Blades    | 4 5 |  5.1
Fighting       | 3 |  3.1
Throwing       | |  2.0
Armour         | |  0.9
Dodging        | |  3.3

Action                     |  1- 3 |  4- 6 || total
---------------------------+-------+-------++-------
  Melee: Long sword        |   114 |   105 ||   219
         Punch             |     1 |       ||     1
  Throw: Boomerang         |       |    13 ||    13
Ability: Lunge             |     1 |     6 ||     7
         Whirlwind         |       |     1 ||     1
    Use: Potion            |       |     3 ||     3
   Stab: Sleeping          |       |     1 ||     1
 Armour: Leather armour    |    34 |    26 ||    60
         Ring mail         |    14 |       ||    14
         Skin              |       |    15 ||    15
  Dodge: Dodged            |    96 |    75 ||   171

Table legend: (Time is in decaauts)
 A = Elapsed time spent in this place.
 B = Non-inter-level travel time spent in this place.
 C = Inter-level travel time spent in this place.
 D = Time resting spent in this place.
 E = Time spent auto-exploring this place.
 F = Levels seen in this place.
 G = Mean time per level.
                   A        B        C        D        E       F      G
               +--------+--------+--------+--------+--------+-----+--------+
         Total |   2535 |   2421 |    114 |      0 |   1749 |   4 |  633.8 |
       Dungeon |   2535 |   2421 |    114 |      0 |   1749 |   4 |  633.8 |
               +--------+--------+--------+--------+--------+-----+--------+

Top non-repeatable levels by time:
     D:2: 1012 daAuts
     D:3: 633 daAuts
     D:1: 590 daAuts
     D:4: 299 daAuts
